 Dungeon Crawl Stone Soup version 0.27.1-33-g824d729ab1 (webtiles) character file.

Game seed: 567053438019683398

1885 FreshCat the Grappler (level 8, -3/117 HPs)
             Began as a Troll Berserker on Dec 9, 2021.
             Was an Elder of Trog.
             Slain by an unseen horror (8 damage)
             ... on level 6 of the Dungeon.
             The game lasted 00:28:50 (5503 turns).

FreshCat the Grappler (Troll Berserker)             Turns: 5503, Time: 00:28:51

Health: -3/117     AC:  5    Str: 27    XL:     8   Next: 92%
Magic:  7/7        EV: 11    Int:  3    God:    Trog [****..]
Gold:   55         SH:  0    Dex: 10    Spells: 7/7 levels left

rFire    . . .     SeeInvis .     - Unarmed
rCold    . . .     Faith    .   (no shield)
rNeg     . . .     Spirit   .   a - +1 animal skin
rPois    +         Reflect  .   (helmet restricted)
rElec    .         Harm     .   (no cloak)
rCorr    .         Rampage  .   (gloves unavailable)
Will     .....                  (boots unavailable)
Stlth    ..........             (no amulet)
HPRegen  1.29/turn              b - ring of poison resistance
MPRegen  0.10/turn              (no ring)

@: berserking (expiring), very quick
A: large, unfitting armour, claws 3, regeneration 1, shaggy fur 1, tough skin 1
a: Renounce Religion, Berserk, Trog's Hand, Brothers in Arms


You were on level 6 of the Dungeon.
You worshipped Trog.
Trog was greatly pleased with you.
You visited 1 branch of the dungeon, and saw 8 of its levels.

You collected 226 gold pieces.
You spent 171 gold pieces at shops.

Inventory:

Missiles
 j - 48 stones (quivered)
 n - 55 poisoned darts
 p - 14 boomerangs
 t - a throwing net
Armour
 a - a +1 animal skin (worn)
Jewellery
 b - a ring of poison resistance (left claw)
Wands
 m - a wand of mindburst (40)
 u - a wand of iceblast (9)
Scrolls
 c - 2 scrolls of noise
 f - a scroll of enchant armour
 g - 3 scrolls of teleportation
 k - a scroll of fog
 o - a scroll of holy word {unknown}
 q - a scroll of enchant weapon {unknown}
 s - a scroll of magic mapping
Potions
 d - 2 potions of flight {unknown}
 e - 7 potions of curing
 h - 2 potions of brilliance {unknown}
 i - 2 potions of lignification
 l - a potion of magic {unknown}
 r - a potion of degeneration {unknown}
 v - a potion of mutation {unknown}


   Skills:
 + Level 4.2 Fighting
 + Level 3.0 Throwing
 + Level 5.4 Dodging
 + Level 9.0 Unarmed Combat


You had 7 spell levels left.
You didn't know any spells.
Your spell library was empty.

Dungeon Overview and Level Annotations

Branches:
Dungeon (8/15)             Temple (0/1) D:6
   Lair: D:8-11

Altars:
Ashenzari
Dithmenos
Ru
Uskayaw
Yredelemnul

Shops:
D:6 *=??!   D:7 :

Annotations:
D:3 exclusion: downstairs
D:4 exclusion: downstairs
D:5 exclusions: downstairs and 2 lemures, Pikel
D:6 Eustachio


Innate Abilities, Weirdness & Mutations

You are too large for most types of armour.
You have claws for hands.
Your natural rate of healing is unusually fast.
You are covered in fur. (AC +1)
You have tough skin. (AC +1)


Message History

Something hits you. Something hits you. Something hits you. Something hits you.
Something hits you but does no damage. Something hits you.
You scratch something. Something hits you. Something hits you.
Something hits you but does no damage.
You barely miss something. Your claw misses something.
Something hits you but does no damage. Something hits you. Something hits you.
Something hits you! Something hits you.
* * * LOW HITPOINT WARNING * * *
Something hits you.
* * * LOW HITPOINT WARNING * * *
There is a stone staircase leading up here.
Something hits you but does no damage.
You climb upwards.
Level annotation: Eustachio Reactivating autopickup.
There is a stone staircase leading down here.
Deactivating autopickup; reactivate with Ctrl-A.
You closely miss something. Your claw misses something. Something hits you!
* * * LOW HITPOINT WARNING * * *
Something hits you.
* * * LOW HITPOINT WARNING * * *
Okay, then.
A red film seems to cover your vision as you go berserk!
You feel yourself moving faster!
You feel mighty! Something hits you.
* * * LOW HITPOINT WARNING * * *
You feel a strong urge to attack something.
Something hits you but does no damage.
You mangle something!! Something hits you.
* * * LOW HITPOINT WARNING * * *
You miss something. Something hits you!
* * * LOW HITPOINT WARNING * * *
Something hits you!
You die...

############ ### #........).# #.#
######## #.########.###.###
.......# #######@#...............
######.###.......>........#......
######.................#..#......
.......................#..#...#+#
..........#............#..#####.#
...........###.........#..#......
.#####.#...#####.#.....#..#.....#
.####............#...............
.................#........#.#.###


There were no monsters in sight!

Vanquished Creatures
  A water moccasin (D:6)
  Duvessa (D:5)
  A hornet zombie (D:5)
  2 necrophages
  2 centaurs
  2 kobold brigands (D:6)
  2 scorpions
  Dowan (D:5)
  A water moccasin zombie (D:7)
  5 killer bees
  A howler monkey (D:4)
  A centaur zombie (D:6)
  2 orc priests (D:7)
  A hound (D:3)
  A bullfrog skeleton (D:7)
  An iguana (D:4)
  Ijyb (D:3)
  4 orc wizards
  2 killer bee zombies (D:5)
  A hound skeleton (D:5)
  A howler monkey skeleton (D:7)
  7 gnolls
  7 adders
  An adder skeleton (D:4)
  3 worms
  3 dart slugs
  18 orcs
  7 endoplasms
  A giant cockroach (D:3)
  7 goblins
  6 hobgoblins
  7 jackals (D:3)
  6 quokkas
  9 ball pythons
  6 bats
  4 frilled lizards
  13 kobolds
  3 rats
142 creatures vanquished.

Notes
Turn   | Place    | Note
-------+----------+-------------------------------------------
     0 | D:1      | FreshCat the Troll Berserker began the quest for the Orb.
     0 | D:1      | Reached XP level 1. HP: 22/22 MP: 0/0
   100 | D:1      | Reached XP level 2. HP: 29/29 MP: 1/1
   459 | D:1      | Reached XP level 3. HP: 36/36 MP: 2/2
   486 | D:1      | Reached ** piety under Trog
  1120 | D:2      | Reached skill level 4 in Unarmed Combat
  1135 | D:3      | Reached XP level 4. HP: 44/44 MP: 3/3
  1447 | D:3      | Noticed a centaur
  1458 | D:3      | Killed a centaur
  1459 | D:3      | Reached skill level 5 in Unarmed Combat
  1459 | D:3      | Reached XP level 5. HP: 33/53 MP: 4/4
  1733 | D:3      | Noticed Ijyb
  1741 | D:3      | Killed Ijyb
  2008 | D:3      | Reached XP level 6. HP: 61/61 MP: 5/5
  2024 | D:3      | Found a faded altar of an unknown god.
  2634 | D:4      | Reached skill level 1 in Throwing
  2634 | D:4      | Reached skill level 6 in Unarmed Combat
  2698 | D:5      | Entered Level 5 of the Dungeon
  2741 | D:4      | Reached XP level 7. HP: 67/67 MP: 6/6
  3102 | D:4      | Reached *** piety under Trog
  3228 | D:5      | Reached skill level 7 in Unarmed Combat
  3325 | D:5      | Noticed Pikel
  3508 | D:6      | Found a staircase to the Ecumenical Temple.
  3599 | D:5      | Noticed Duvessa
  3600 | D:5      | Noticed Dowan
  3609 | D:5      | Killed Duvessa
  3613 | D:5      | Killed Dowan
  3614 | D:5      | Reached XP level 8. HP: 37/76 MP: 7/7
  3966 | D:6      | Found Toycerph's Magic Scroll Shoppe.
  3979 | D:6      | Bought a scroll of identify for 22 gold pieces
  3979 | D:6      | Bought a scroll of teleportation for 33 gold pieces
  3981 | D:6      | Found Ituellog's Assorted Antiques.
  3982 | D:6      | Noticed Eustachio
  4234 | D:6      | Found Xoho's Distillery.
  4243 | D:6      | Bought a potion of curing for 45 gold pieces
  4243 | D:6      | Bought a potion of curing for 45 gold pieces
  4393 | D:6      | Found a hide-covered altar of Uskayaw.
  4393 | D:6      | Found a sacrificial altar of Ru.
  4400 | D:6      | Found a shadowy altar of Dithmenos.
  4402 | D:6      | Found a basalt altar of Yredelemnul.
  4404 | D:6      | Found a broken altar of Ashenzari.
  4622 | D:6      | Reached skill level 8 in Unarmed Combat
  4659 | D:6      | Reached skill level 5 in Dodging
  4714 | D:6      | Found Piotooss's Magic Scroll Shop.
  4720 | D:6      | Bought a scroll of identify for 26 gold pieces
  4769 | D:6      | Found Sitiobb's Jewellery Emporium.
  4981 | D:6      | Reached **** piety under Trog
  5104 | D:7      | Found Lesoucin's Book Boutique.
  5161 | D:7      | Reached skill level 9 in Unarmed Combat
  5502 | D:6      | HP: 4/117 [something (10)]
  5503 | D:6      | Slain by an unseen horror

Illustrated notes

Levels and vault maps discovered:
D:1:      beargit_arrival_greenhouse, layout_loops_ring
D:2:      layout_basic, grunt_decor_mini_mirrors,
          chequers_serial_rivers_micro_d, kennysheep_generic_room_14
D:3:      layout_loops_corners, shapermc_ecumenical_altar_mp_vishouse,
          st_stairs_7, kennysheep_cluttered_room, uniq_ijyb
D:4:      layout_rooms
D:5:      layout_loops_ring, uniq_pikel, uniq_duvessa
D:6:      layout_basic, chequers_temple_overflow_minitemple,
          minmay_temple_entry_overgrown, serial_shops, shop_statue, shop, shop,
          shop, nicolae_lakefront_shop, uniq_eustachio
D:7:      layout_cave_pools, serial_shops, shop
D:8:      layout_layer_cave, gammafunk_ghost_abyssal_escape, uniq_psyche,
          uniq_grum, uniq_harold, uniq_maurice

Skill      XL: |  1  2  3  4  5  6  7  8 |
---------------+-------------------------+-----
Dodging        | 3 4 5 |  5.4
Unarmed Combat | 4 5 6 7 9 |  9.0
Fighting       | 3 4 |  4.2
Throwing       | 1 2 3 |  3.0

Action                   |  1- 3 |  4- 6 |  7- 9 || total
-------------------------+-------+-------+-------++-------
Melee: Unarmed           |    88 |   109 |   198 ||   395
       Punch             |       |     1 |     3 ||     4
Throw: Stone             |       |    35 |    45 ||    80
       Dart              |       |       |    10 ||    10
Invok: Berserk           |     1 |     4 |     3 ||     8
       Trog's Hand       |       |     1 |       ||     1
  Use: Scroll            |       |     8 |     2 ||    10
       Potion            |       |     2 |       ||     2
Armor: Animal skin       |    18 |    49 |    78 ||   145
Dodge: Dodged            |    27 |    76 |   153 ||   256
